 Dungeon Crawl Stone Soup version 0.28.0-49-g6dfe1f597d (webtiles) character file.

Game seed: 220621412751460900

1136 Exodus22XD the Cleaver (level 8, 70/70 HPs)
             Began as a Minotaur Fighter on May 14, 2022.
             Was a Follower of Yredelemnul.
             Quit the game on level 1 of the Dungeon.
             The game lasted 00:04:00 (5919 turns).

Exodus22XD the Cleaver (Minotaur Fighter)           Turns: 5919, Time: 00:04:01

Health: 70/70      AC: 14    Str: 22    XL:     8   Next: 14%
Magic:  7/7        EV:  6    Int:  5    God:    Yredelemnul [*.....]
Gold:   300        SH:  5    Dex: 11    Spells: 7/7 levels left

rFire   . . .      SeeInvis .   a - +0 war axe
rCold   . . .      Faith    .   c - +0 buckler
rNeg    . . .      Spirit   .   b - +0 plate armour
rPois   .          Reflect  .   (helmet restricted)
rElec   .          Harm     .   (no cloak)
rCorr   +          Rampage  .   (no gloves)
Will    .....                   o - +0 pair of boots
Stlth   ..........              (no amulet)
HPRegen 0.21/turn               p - ring of resist corrosion
MPRegen 0.10/turn               (no ring)

@: no status effects
A: horns 2, retaliatory headbutt
a: Renounce Religion, Recall Undead Harvest


You were on level 1 of the Dungeon.
You worshipped Yredelemnul.
Yredelemnul was noncommittal.
You visited 1 branch of the dungeon, and saw 6 of its levels.

You collected 300 gold pieces.

Inventory:

Hand Weapons
 a - a +0 war axe (weapon)
Armour
 b - a +0 plate armour (worn)
 c - a +0 buckler (worn)
 o - a +0 pair of boots (worn)
Jewellery
 p - a ring of resist corrosion (left hand)
 y - a +6 ring of strength
Wands
 w - a wand of polymorph (12)
 C - a wand of digging (6)
Scrolls
 f - a scroll of holy word
 h - a scroll of enchant armour
 k - a scroll of fog {unknown}
 l - 2 scrolls of teleportation {unknown}
 m - 2 scrolls of noise {unknown}
 r - 3 scrolls of magic mapping
 s - a scroll of brand weapon {unknown}
 u - a scroll of torment {unknown}
 z - a scroll of blinking {unknown}
 A - a scroll of immolation {unknown}
 B - a scroll of identify
 D - a scroll of fear {unknown}
Potions
 d - 2 potions of might
 e - a potion of haste
 g - a potion of brilliance {unknown}
 i - 3 potions of cancellation {unknown}
 j - a potion of heal wounds {unknown}
 n - 5 potions of curing {unknown}
 q - a potion of ambrosia {unknown}
 t - a potion of resistance
 v - a potion of invisibility {unknown}
 x - a potion of lignification {unknown}


   Skills:
 + Level 6.0 Fighting
 + Level 8.0 Axes
 + Level 7.0 Armour
 + Level 5.3 Shields


You had 7 spell levels left.
You didn't know any spells.
Your spell library was empty.

Dungeon Overview and Level Annotations

Branches:
Dungeon (6/15)
 Temple: D:4-7

Altars:
Vehumet
Wu Jian
Yredelemnul

Shops:
D:5 *


Innate Abilities, Weirdness & Mutations

You have a pair of horns on your head.
You reflexively headbutt those who attack you in melee.


Message History

Key pressed, stopping explore.
No target in view!
Done exploring.
No target in view!
Done exploring.
No target in view!
Done exploring.
Done exploring.
No target in view!
No target in view!
Search for what [Enter for "god", or ? for help]? temp Can't find anything matching that.
Unknown command.
Search for what [Enter for "temp", or ? for help]? god You see here a +0 robe.
There is a stone staircase leading up here.
You climb upwards.
There is a stone staircase leading down here.
There is a stone staircase leading up here.
You climb upwards.
There is a stone staircase leading down here.
There is a stone staircase leading up here.
You climb upwards.
There is a stone staircase leading down here.
There is a stone staircase leading up here.
You climb upwards.
There is a stone staircase leading down here.
There is a stone staircase leading up here.
You climb upwards.
There is a stone staircase leading down here.
You open the door.
There is an open door here.
There is an open door here.
There is an open door here.
There is a faded altar of an unknown god here.
You cannot tell which god this altar belongs to.
Convert to them anyway?
Yredelemnul accepts your prayer! Yredelemnul welcomes you!
You can now reap souls.
You can now recall your undead harvest.
Are you sure you want to abandon this character and quit the game? (Confirm with "yes".)

### #....#
#..#....#........#
..###....#
#..####.##############
....#....#
#.....................
...##....#
#####'###########.....
....#....###....#....#
#.####
⌠...#.###..#..#####..#
#.# ....'.#
#..#...Z#.Z..# #.#
⌠...### #..#....#Z...#
#.#### ....#
####.###@###.# #.....
...## #...Z#....#
######## ....#
#....#....# #....(..
..### #..#####..#
#.#.....
############....#....#
#.#.....
#..........#####'#####
#.#.....
#.#####..........#.#
#.#.####
.............§.....#
#.#.#...
≈≈≈≈≈.≈≈≈≈≈.≈§§≈≈..#
#.#.#.##


You could see 2 friendly bat zombies and 2 friendly quokka zombies.

Vanquished Creatures
  A black bear (D:6)
  2 ogres
  2 phantoms
  2 scorpions
  2 howler monkeys (D:5)
  The ghost of Atelerd the Digger, a weakling OpEE (D:3)
  An orc priest (D:6)
  2 iguanas
  A bullfrog skeleton (D:6)
  2 scorpion zombies (D:4)
  2 orc wizards (D:4)
  3 hound zombies
  3 gnolls (D:5)
  2 howler monkey skeletons (D:4)
  7 adders
  A shadow imp (D:6)
  4 adder zombies (D:4)
  5 worms
  2 dart slugs
  10 orcs
  6 ball pythons
  7 bats
  3 endoplasms (D:1)
  3 giant cockroaches
  19 goblins
  4 hobgoblins
  2 jackals (D:5)
  9 kobolds
  4 quokkas
  6 frilled lizards
  A rat (D:2)
119 creatures vanquished.

Vanquished Creatures (others)
  A withered plant (D:4)
1 creature vanquished.

Grand Total: 120 creatures vanquished

Notes
Turn   | Place    | Note
-------+----------+-------------------------------------------
     0 | D:1      | Exodus22XD the Minotaur Fighter began the quest for the
                  | Orb.
     0 | D:1      | Reached XP level 1. HP: 19/19 MP: 0/0
    87 | D:1      | Found a faded altar of an unknown god.
   179 | D:1      | Reached XP level 2. HP: 23/27 MP: 1/1
  1115 | D:2      | Noticed an ogre
  1121 | D:2      | Killed an ogre
  1122 | D:2      | Reached skill level 3 in Axes
  1122 | D:2      | Reached XP level 3. HP: 34/34 MP: 2/2
  1122 | D:2      | Reached XP level 4. HP: 41/41 MP: 3/3
  1527 | D:2      | Reached XP level 5. HP: 47/47 MP: 4/4
  1652 | D:2      | Reached skill level 5 in Armour
  2250 | D:3      | Found a large runed translucent door.
  2250 | D:3      | Found a large runed translucent door.
  2254 | D:3      | Noticed Atelerd's ghost (weakling OpEE)
  2361 | D:3      | Reached skill level 4 in Axes
  2620 | D:3      | Killed Atelerd's ghost
  2709 | D:4      | Found an ornate altar of the Wu Jian Council.
  2713 | D:4      | Found a radiant altar of Vehumet.
  2986 | D:4      | Reached XP level 6. HP: 44/55 MP: 5/5
  3135 | D:4      | Reached skill level 5 in Axes
  3141 | D:4      | Reached skill level 5 in Fighting
  3928 | D:5      | Entered Level 5 of the Dungeon
  4003 | D:5      | Reached skill level 6 in Axes
  4004 | D:5      | Reached XP level 7. HP: 53/61 MP: 6/6
  4074 | D:5      | Found Buihyost's Gadget Gallery.
  4607 | D:5      | Reached skill level 5 in Shields
  5048 | D:6      | Reached skill level 7 in Axes
  5497 | D:6      | Reached XP level 8. HP: 70/70 MP: 7/7
  5529 | D:6      | Reached skill level 8 in Axes
  5918 | D:1      | Prayed at the altar of an unknown god.
  5918 | D:1      | Became a worshipper of Yredelemnul the Dark
  5918 | D:1      | Reached * piety under Yredelemnul
  5919 | D:1      | Quit the game

Illustrated notes

Levels and vault maps discovered:
D:1:      dpeg_arrival_stone_temple_mockup, layout_basic,
          shapermc_ecumenical_altar_notcrosses, minmay_misc_feat_tower,
          kennysheep_boxes
D:2:      layout_basic, minmay_goblin_outpost
D:3:      layout_basic, ebering_ghost_disaster_area
D:4:      layout_basic, grunt_temple_overflow_open, serial_undead,
          serial_undead_a, serial_undead_e, serial_undead_d, serial_undead_a
D:5:      layout_cave_pods, minmay_misc_feat_x, nicolae_shop_gadgets
D:6:      layout_loops_ring, kennysheep_generic_room_7

Skill      XL: |  1  2  3  4  5  6  7  8 |
---------------+-------------------------+-----
Armour         | 4 5 6 7 |  7.0
Shields        | 4 5 |  5.3
Fighting       | 4 5 6 |  6.0
Axes           | 3 4 6 7 8 |  8.0

Action                   |  1- 3 |  4- 6 |  7- 9 || total
-------------------------+-------+-------+-------++-------
Melee: War axe           |    38 |   183 |    72 ||   293
       Headbutt          |     7 |    32 |    16 ||    55
  Use: Scroll            |       |     4 |     2 ||     6
Armor: Scale mail        |    22 |       |       ||    22
       Plate armour      |       |   121 |    23 ||   144
       Chain mail        |       |    10 |       ||    10
Dodge: Dodged            |    17 |    67 |    21 ||   105
Block: Buckler           |     8 |    42 |    15 ||    65
